 Dungeon Crawl Stone Soup version 0.22.0-2-ge58baed (webtiles) character file.

61 Glaeka the Gusty (level 4, -2/27 HPs)
             Began as an Octopode Air Elementalist on Aug 12, 2018.
             Slain by a bullfrog skeleton (4 damage)
             ... on level 3 of the Dungeon.
             The game lasted 00:08:10 (821 turns).

Glaeka the Gusty (Octopode Air Elementalist)         Turns: 821, Time: 00:08:11

Health: -2/27      AC:  1    Str:  7    XL:     4   Next: 7%
Magic:  2/7        EV: 13    Int: 18    God:
Gold:   89         SH:  0    Dex: 12    Spells: 0/7 levels left

rFire    . . .     SeeInvis .   a - +0 dagger
rCold    . . .     Gourm    .   (no shield)
rNeg     . . .     Faith    .   (helmet restricted)
rPois    .         Spirit   .   (no amulet)
rElec    .         Reflect  .   (no ring)
rCorr    .         Harm     .   (no ring)
MR       .....                  (no ring)
Stlth    +++.......             (no ring)
HPRegen  0.09/turn              (no ring)
MPRegen  0.10/turn              (no ring)
                                (no ring)
                                (no ring)

@: no status effects
A: almost no armour, stealthy swim, amphibious, 8 rings, constrict 8, camouflage
1, gelatinous body 1
a: no special abilities


You were on level 3 of the Dungeon.
You were not hungry.

You visited 1 branch of the dungeon, and saw 3 of its levels.

You collected 89 gold pieces.

Inventory:

Hand Weapons
 a - a +0 dagger (weapon)
Jewellery
 h - an uncursed amulet of harm {unknown}
Scrolls
 d - a scroll of fog {unknown}
 e - a scroll of magic mapping {unknown}
 g - a scroll of enchant armour {unknown}
 i - a scroll of amnesia
 j - a scroll of random uselessness {unknown}
Potions
 c - a potion of invisibility {unknown}
 f - 2 potions of brilliance {unknown}
 k - a potion of curing {unknown}
Comestibles
 b - a ration


   Skills:
 + Level 0.6 Short Blades
 + Level 2.3 Dodging
 + Level 3.2 Stealth
 + Level 2.3 Spellcasting
 + Level 1.2 Conjurations
 * Level 3.9 Air Magic


You couldn't memorise any spells.
You knew the following spells:

 Your Spells              Type           Power        Failure   Level  Hunger
a - Shock                 Conj/Air       ##..         6%          1    #......
b - Swiftness             Chrm/Air       #.......     12%         2    ##.....
c - Airstrike             Air            ###.......   34%         4    #####..

Your spell library contained the following spells:

 Spells                   Type           Power        Failure   Level  Hunger
 Lightning Bolt           Conj/Air       ##........   86%         5    ######.
 Static Discharge         Conj/Air       ##......     19%         3    ###....


Dungeon Overview and Level Annotations

Branches:
Dungeon (3/15)

Altars:
Ashenzari
Xom

Annotations:
D:2 Sigmund


Innate Abilities, Weirdness & Mutations

You cannot wear most types of armour.
You are very stealthy in the water. (Stealth+)
You are amphibious.
You can wear up to eight rings at the same time.
You can use your tentacles to constrict eight enemies at once.
Your skin changes colour to match your surroundings (Stealth+).
Your rubbery body absorbs attacks. (AC +1, EV +1)


Message History

Confirm with . or Enter, or press ? or * to list all spells.
Aiming: Shock (safe; 6% risk of failure)
Press: ? - help, Shift-Dir - straight line The zap hits the bullfrog skeleton.
The bullfrog skeleton is heavily damaged.
The zap hits the bullfrog skeleton.
The bullfrog skeleton is severely damaged.
The bullfrog skeleton hits you!
* * * LOW HITPOINT WARNING * * *
Casting: Shock (safe; 6% risk of failure)
Confirm with . or Enter, or press ? or * to list all spells.
Aiming: Shock (safe; 6% risk of failure)
Press: ? - help, Shift-Dir - straight line The zap hits the bullfrog skeleton.
The bullfrog skeleton is severely damaged.
The zap hits the bullfrog skeleton.
The bullfrog skeleton is severely damaged.
The bullfrog skeleton closely misses you.
The bullfrog skeleton hits you.
You die...

#.. #.# #.# #.# #.# #[#
#######
###############.###.#...##
..........................
...#...#@..#..........(#
........Z.....#.###.##.##
#...#...#...###.# #.#
.............##.# #.##
###############.# #..# #.#
##.# #.# #.### #. #.#..
#.#.#


You could see a bullfrog skeleton.

Vanquished Creatures
  3 adders
  2 dart slugs (D:2)
  An orc (D:3)
  3 bats (D:2)
  2 giant cockroaches (D:1)
  5 goblins
  2 hobgoblins
  A quokka (D:2)
  A frilled lizard (D:2)
  3 kobolds (D:1)
  7 rats
30 creatures vanquished.

Notes
Turn   | Place    | Note
-------+----------+-------------------------------------------
     0 | D:1      | Glaeka the Octopode Air Elementalist began the quest for the Orb.
     0 | D:1      | Reached XP level 1. HP: 11/11 MP: 3/3
   120 | D:1      | Reached XP level 2. HP: 13/17 MP: 0/5
   434 | D:2      | Noticed Sigmund
   463 | D:2      | Found a shattered altar of Ashenzari.
   584 | D:2      | Reached XP level 3. HP: 17/21 MP: 0/6
   663 | D:2      | HP: 1/21 [quokka (3)]
   747 | D:2      | Learned a level 2 spell: Swiftness
   768 | D:3      | Found a shimmering altar of Xom.
   779 | D:3      | Reached XP level 4. HP: 12/27 MP: 3/7
   785 | D:3      | Learned a level 4 spell: Airstrike
   821 | D:3      | Slain by a bullfrog skeleton

Skill      XL: |  1  2  3 |
---------------+----------+-----
Stealth        | 3 |  3.2
Short Blades   | |  0.6
Dodging        | |  2.3
Spellcasting   | |  2.3
Conjurations   | |  1.2
Air Magic      | |  3.9

Action                   |  1- 3 |  4- 6 || total
-------------------------+-------+-------++-------
Melee: Unarmed           |    11 |       ||    11
       Tentacles         |    11 |       ||    11
       Constrict         |    10 |       ||    10
       Dagger            |    31 |       ||    31
 Cast: Shock             |    28 |     6 ||    34
  Use: Scroll            |     1 |       ||     1
 Stab: Sleeping          |     6 |       ||     6
Armor: Skin              |     2 |       ||     2
Dodge: Dodged            |    28 |     1 ||    29
